AoeStats
← Doskoi1312

Enclosed

505954999Analyzed
1v1 RM · 21d ago on Sep 11, 2026· 40m 33s· 2 players
Game mode
Random Map
Map size
Tiny (2 player)
Population
200
Speed
Normal
Resources
Standard
Victory
Conquest
Starting age
Dark Age
Ending age
Imperial Age
RankedLock teamsTeams togetherTeam positionsShared explorationLock speedFull tech treeHidden civsTurbo modeCheats
Victory
Defeat
🇺🇸 Inca · United States
903
+17
🇨🇱 Magyars · Chile
919
-41
El_Gatito
6:31 Loom
9:56 Feudal Age
16:05 Castle Age
16:15 Scale Mail Armor
16:11 Fletching
17:26 Horse Collar
18:07 Double-Bit Axe
19:22 Pikeman
26:29 Heavy Plow
26:51 Bow Saw
28:21 Chain Mail Armor
28:16 Forging
28:30 Champi Runner
29:11 Squires
30:27 Champi Warrior
31:09 Squires
30:54 Arson
36:07 Forging
35:53 Bodkin Arrow
40:24 Redemption
Doskoi1312
2:57 Loom
7:19 Loom
10:36 Feudal Age
16:31 Castle Age
18:09 Bloodlines
19:09 Light Cavalry
21:43 Scale Barding Armor
26:21 Fletching
27:22 Double-Bit Axe
34:39 Chain Barding Armor
35:20 Stone Mining
35:21 Gold Mining
36:15 Wheelbarrow
Connection lost

Rejoining the realm…

Still unreachable

The connection could not be restored.

Session expired

The server has moved on; the page needs a fresh start.